 Dungeon Crawl Stone Soup version 0.28.0-53-g5a82cb258f (webtiles) character file.

Game seed: 11045386184363895110

6015 Peloso the Carver (level 10, -7/88 HPs)
             Began as a Minotaur Fighter on June 5, 2022.
             Was a Priest of Okawaru.
             Mangled by a freezing wraith (23 damage)
             ... led by a death knight
             ... on level 11 of the Dungeon.
             The game lasted 00:18:40 (10263 turns).

Peloso the Carver (Minotaur Fighter)               Turns: 10263, Time: 00:18:40

Health: -7/88      AC: 23    Str: 24    XL:     10   Next: 56%
Magic:  8/9        EV: 11    Int:  5    God:    Okawaru [***...]
Gold:   347        SH:  7    Dex: 11    Spells: 9/9 levels left

rFire   . . .      SeeInvis .   a - +4 scimitar (flame)
rCold   . . .      Faith    .   c - +0 buckler
rNeg    . . .      Spirit   .   s - +0 chain mail
rPois   .          Reflect  .   (helmet restricted)
rElec   .          Harm     .   (no cloak)
rCorr   .          Rampage  .   k - +1 Delatra's gloves {ID++}
Will    .....                   C - +1 pair of boots {Fly}
Stlth   +.........              (no amulet)
HPRegen 0.24/turn               n - +4 ring of protection
MPRegen 0.11/turn               (no ring)

@: heroic, flying
A: horns 2, retaliatory headbutt, camouflage 1
a: Renounce Religion, Heroism


You were on level 11 of the Dungeon.
You worshipped Okawaru.
Okawaru was most pleased with you.
You visited 2 branches of the dungeon, and saw 11 of its levels.

You collected 561 gold pieces.
You spent 214 gold pieces at shops.

Inventory:

Hand Weapons
 a - a +4 scimitar of flaming (weapon)
Missiles
 m - a throwing net (quivered)
Armour
 b - a +0 scale mail
 c - a +0 buckler (worn)
 k - the +1 Delatra's gloves (worn) {ID++}
   (You found it on level 3 of the Dungeon)

   It heals its wearer when they drink unknown potions.
   It restores its wearer's MP when they read unknown scrolls.
 s - a +0 chain mail (worn)
 C - a +1 pair of boots of flying (worn)
Jewellery
 e - a +4 ring of evasion
 n - a +4 ring of protection (left hand)
 o - an amulet of the acrobat
 y - a ring of ice
 D - a ring of willpower
Wands
 l - a wand of flame (17)
 x - a wand of polymorph (11)
 A - a wand of acid (10)
Scrolls
 g - 2 scrolls of fog
 h - 2 scrolls of blinking
 i - a scroll of immolation {unknown}
 j - a scroll of vulnerability {unknown}
 p - 3 scrolls of fear {unknown}
 r - a scroll of enchant armour {unknown}
 v - 2 scrolls of magic mapping {unknown}
 z - a scroll of enchant weapon {unknown}
 E - a scroll of teleportation {unknown}
Potions
 d - a potion of might
 f - 4 potions of curing
 q - 4 potions of flight
 t - 3 potions of mutation
 u - a potion of brilliance
 w - 3 potions of heal wounds
 B - a potion of berserk rage {unknown}


   Skills:
 + Level 8.0(13.0) Fighting
 + Level 12.0(17.0) Long Blades
 + Level 11.1(16.1) Armour
 + Level 3.5(8.5) Dodging
 + Level 1.5(6.5) Stealth
 + Level 7.3(12.3) Shields
 + Level 0.1 Invocations
 + Level 0.7 Evocations


You had 9 spell levels left.
You didn't know any spells.
Your spell library contained the following spells:

 Spells                   Type           Power      Damage    Failure   Level
 Magic Dart               Conj           0%         1d3       94%         1
 Sublimation of Blood     Necr           0%         N/A       98%         2
 Wereblood                Tmut           0%         N/A       98%         2
 Mephitic Cloud           Conj/Pois/Air  0%         N/A       100%        3
 Blade Hands              Tmut           0%         N/A       100%        5
 Irradiate                Conj/Tmut      0%         3d14      100%        5
 Dragon Form              Tmut           0%         N/A       100%        7
 Ozocubu's Refrigeration  Ice            0%         4d5       100%        7
 Call Imp                 Summ           Unusable   N/A       N/A         2
 Summon Ice Beast         Ice/Summ       Unusable   N/A       N/A         4
 Simulacrum               Ice/Necr       Unusable   N/A       N/A         6
 Summon Hydra             Summ           Unusable   N/A       N/A         7

Dungeon Overview and Level Annotations

Branches:
Dungeon (9/15)             Temple (1/1) D:7            Lair (0/6) D:8
    Orc: D:9-12

Altars:
Ashenzari
Cheibriados
Dithmenos
Elyvilon
Fedhas
Gozag
Hepliaklqana
Kikubaaqudgha
Makhleb
Nemelex Xobeh
Okawaru
Qazlal
Trog
Uskayaw
Vehumet
Wu Jian
Xom
Yredelemnul
Zin
The Shining One

Shops:
D:2 *   D:8 *[(*([(   D:9 [


Innate Abilities, Weirdness & Mutations

You have a pair of horns on your head.
You reflexively headbutt those who attack you in melee.
Your skin changes colour to match your surroundings (Stealth+).


Message History

The freezing wraith hits you but does no damage. x2
You completely miss the freezing wraith.
You hit the freezing wraith but do no damage.
The death knight's dark mirror aura disappears.
The freezing wraith hits you but does no damage.
You block the freezing wraith's attack.
You barely miss the freezing wraith.
The death knight hits you from afar with a +0 glaive.
The freezing wraith hits you but does no damage. x2
You hit the freezing wraith. You burn the freezing wraith.
The freezing wraith is moderately damaged.
The death knight hits you from afar with a +0 glaive!!
You hit the freezing wraith. You burn the freezing wraith.
The freezing wraith is heavily damaged.
The freezing wraith closely misses you.
The freezing wraith hits you but does no damage.
You hit the freezing wraith. You burn the freezing wraith.
The freezing wraith is heavily damaged.
The death knight hits you from afar with a +0 glaive!
The freezing wraith hits you but does no damage.
You block the freezing wraith's attack.
You completely miss the freezing wraith.
The freezing wraith is heavily damaged.
You block the death knight's attack. The freezing wraith barely misses you.
You block the freezing wraith's attack.
You slash the freezing wraith! You burn the freezing wraith!
You headbutt the freezing wraith, but do no damage.
The freezing wraith is almost destroyed.
The death knight hits you from afar with a +0 glaive!!
You hit the freezing wraith but do no damage.
The freezing wraith is almost destroyed.
The freezing wraith hits you but does no damage.
The freezing wraith hits you.
* * * LOW HITPOINT WARNING * * *
You barely miss the freezing wraith.
The freezing wraith is almost destroyed.
You block the death knight's attack. The freezing wraith hits you!
* * * LOW HITPOINT WARNING * * *
The freezing wraith freezes you!!
You die...

###########
#...@WpW..#
#.#######.#
#.# #.# #.#
#####.# #.#
#.....p.p.#
#.#
#.###.###W#
#.###.###.#
#.........#
####.#.##.....


You could see a death knight and 2 freezing wraiths.

Vanquished Creatures
  Erica (D:8)
  A two-headed ogre (D:8)
  A skeletal warrior (D:11)
  A hornet (D:9)
  4 yaks (D:7)
  A steam dragon (D:9)
  3 wargs (D:8)
  2 orc warriors
  A water moccasin (D:4)
  A black bear (D:5)
  An ice beast (D:7)
  2 necrophages
  4 ogres
  A centaur (Temple)
  A phantom (D:5)
  3 kobold brigands
  2 bullfrogs
  A gnoll sergeant (D:9)
  A wyvern zombie (D:8)
  2 scorpions
  3 killer bees (D:8)
  11 wights
  3 electric eels
  A centaur zombie (D:7)
  A quasit (D:5)
  A centaur skeleton (D:4)
  A hound (D:6)
  2 jellies
  2 orc priests (D:8)
  A bullfrog skeleton (D:6)
  An iguana (D:5)
  6 orc wizards
  9 adders
  4 gnolls (D:9)
  3 howler monkey skeletons
  An adder skeleton (D:4)
  2 worms
  3 dart slugs
  19 orcs
  8 bats
  7 endoplasms
  2 giant cockroaches
  4 goblins
  5 hobgoblins
  4 quokkas
  7 ball pythons
  4 frilled lizards
  A goblin skeleton (D:5)
  A goblin zombie (D:5)
  A hobgoblin zombie (D:5)
  11 kobolds
  3 kobold skeletons (D:5)
  A kobold zombie (D:5)
  2 orc skeletons (D:5)
  2 orc zombies (D:5)
  8 rats
179 creatures vanquished.

Vanquished Creatures (others)
  A kobold (D:8)
  21 plants (D:6)
22 creatures vanquished.

Grand Total: 201 creatures vanquished

Notes
Turn   | Place    | Note
-------+----------+-------------------------------------------
     0 | D:1      | Peloso the Minotaur Fighter began the quest for the Orb.
     0 | D:1      | Reached XP level 1. HP: 19/19 MP: 0/0
   259 | D:1      | Found a faded altar of an unknown god.
   327 | D:1      | Reached XP level 2. HP: 27/27 MP: 1/1
   851 | D:2      | Found Daipseox's Assorted Antiques.
   938 | D:2      | Reached XP level 3. HP: 30/33 MP: 2/2
  1053 | D:2      | Reached skill level 3 in Long Blades
  1472 | D:2      | Reached XP level 4. HP: 40/40 MP: 3/3
  1805 | D:2      | Reached skill level 1 in Dodging
  2131 | D:3      | Found the +1 Delatra's gloves {ID++}
  2223 | D:3      | Reached XP level 5. HP: 29/46 MP: 4/4
  2514 | D:3      | Reached skill level 4 in Long Blades
  2834 | D:4      | Reached skill level 5 in Armour
  2950 | D:4      | Found a shimmering altar of Xom.
  3125 | D:4      | Found a stormy altar of Qazlal.
  3291 | D:4      | Reached XP level 6. HP: 52/53 MP: 5/5
  3309 | D:4      | Reached skill level 5 in Long Blades
  3318 | D:4      | Noticed a water moccasin
  3326 | D:4      | Killed a water moccasin
  3628 | D:5      | Entered Level 5 of the Dungeon
  3689 | D:5      | Reached skill level 6 in Long Blades
  3689 | D:5      | Reached XP level 7. HP: 17/60 MP: 6/6
  4014 | D:5      | Found a glowing golden altar of the Shining One.
  4211 | D:4      | Reached skill level 5 in Fighting
  4211 | D:4      | Reached skill level 5 in Shields
  4374 | D:5      | Gained mutation: You have hidden genetic potential. [potion
                  | of mutation]
  4374 | D:5      | Gained mutation: You are frail. (-10% HP) [potion of
                  | mutation]
  4374 | D:5      | Gained mutation: Your muscles are strong. (Str +2) [potion
                  | of mutation]
  4651 | D:4      | Lost mutation: You have hidden genetic potential. [potion
                  | of mutation]
  4651 | D:4      | Lost mutation: You are frail. (-10% HP) [potion of
                  | mutation]
  4651 | D:4      | Gained mutation: Your skin changes colour to match your
                  | surroundings (Stealth+). [potion of mutation]
  4651 | D:4      | Lost mutation: Your muscles are strong. (Str +2) [potion of
                  | mutation]
  4960 | D:5      | Reached skill level 7 in Long Blades
  5015 | D:5      | Reached XP level 8. HP: 65/69 MP: 7/7
  5785 | D:6      | Reached skill level 8 in Long Blades
  6033 | D:7      | Found a staircase to the Ecumenical Temple.
  6051 | Temple   | Entered the Ecumenical Temple
  6391 | D:7      | Found a bloodstained altar of Trog.
  6429 | D:7      | Reached skill level 9 in Long Blades
  6429 | D:7      | Reached XP level 9. HP: 60/75 MP: 8/8
  7143 | D:7      | Reached skill level 1 in Stealth
  7308 | D:8      | Reached skill level 10 in Long Blades
  7683 | D:8      | Found an iron altar of Okawaru.
  7688 | D:8      | Became a worshipper of Warmaster Okawaru
  7703 | D:8      | Noticed Erica
  7721 | D:8      | Killed Erica
  7721 | D:8      | Reached * piety under Okawaru
  8330 | D:8      | Got the Collected Works on the Glacier
  8476 | D:8      | Noticed a two-headed ogre
  8480 | D:8      | Killed a two-headed ogre
  8480 | D:8      | Reached ** piety under Okawaru
  8481 | D:8      | Reached skill level 11 in Long Blades
  8481 | D:8      | Reached skill level 10 in Armour
  8481 | D:8      | Reached XP level 10. HP: 86/86 MP: 6/9
  8524 | D:8      | Found Riohojul's Weapon Boutique.
  8679 | D:8      | Found an ornate altar of the Wu Jian Council.
  8682 | D:8      | Found an opulent altar of Gozag.
  8816 | D:8      | Found a staircase to the Lair.
  9025 | D:8      | Found Nakipeumu's Antique Weapon Emporium.
  9026 | D:8      | Found Mesmalal's Armour Shoppe.
  9027 | D:8      | Found Zicziop's Armour Shop.
  9027 | D:8      | Found Vuyriug's Antique Weapon Boutique.
  9028 | D:8      | Found Coumoz's Assorted Antiques.
  9028 | D:8      | Found Konemeco's General Store.
  9067 | D:8      | Bought a +1 pair of boots of flying for 214 gold pieces
  9669 | D:9      | Found Selaomusur's Antique Armour Shoppe.
  9948 | D:9      | Identified the +1 leather armour of Midwinter {Will- Str+7
                  | Dex+3}
 10109 | D:9      | Found an ancient bone altar of Kikubaaqudgha.
 10124 | D:9      | Found a basalt altar of Yredelemnul.
 10124 | D:9      | You are sucked into a shaft and drop 2 floors!
 10133 | D:11     | Found a bloodstained altar of Trog.
 10178 | D:11     | Noticed a skeletal warrior
 10191 | D:11     | Killed a skeletal warrior
 10191 | D:11     | Reached *** piety under Okawaru
 10192 | D:11     | Reached skill level 12 in Long Blades
 10245 | D:11     | Noticed a death knight
 10263 | D:11     | Mangled by a freezing wraith

Illustrated notes

Levels and vault maps discovered:
D:1:      dpeg_arrival_renting, layout_rooms, chequers_ecumenical_altar_island
D:2:      layout_basic, serial_shops, nicolae_shop_stone,
          kennysheep_generic_room_12
D:3:      layout_rooms
D:4:      layout_basic, nicolae_overflow_crystal_walls,
          mainiacjoe_overflow_chevrons, lemuel_flame_loot_1
D:5:      layout_cave_pools, nicolae_tso_besieged_by_evil
D:6:      layout_loops_ring, serial_bayou_lagoon_a,
          hangedman_decor_clover_reticule, item_on_display_a
D:7:      layout_basic, mainiacjoe_overflow_24_doors,
          minmay_temple_entry_statues_pillars
D:8:      layout_loops_ring, okawaru_ov_weapons_minmay,
          nicolae_overflow_squiral, erik_lair_orcish_takeover, serial_shops,
          shop, minmay_liquid_box, nicolae_wooded_promenade, uniq_erica
D:9:      layout_roguey, kennysheep_mini_moat, nicolae_ru_sacrificial_ziggurat,
          yredelemnul_altar_generic, serial_shops, shop
D:11:     layout_loops_corners, ebering_ghost_funeral_grove, bloody_trog,
          uniq_josephine
Temple:   minmay_temple_curvy_loop

Skill      XL: |  1  2  3  4  5  6  7  8  9 10 |
---------------+-------------------------------+-----
Fighting       | 4 5 6 7 8 |  8.0
Armour         | 4 5 6 7 8 10 11 | 11.1
Shields        | 4 5 6 7 |  7.3
Long Blades    | 3 4 6 7 9 11 12 | 12.0
Dodging        | 1 2 3 |  3.5
Stealth        | 1 |  1.5
Invocations    | |  0.1
Evocations     | |  0.7

Action                   |  1- 3 |  4- 6 |  7- 9 | 10-12 || total
-------------------------+-------+-------+-------+-------++-------
Melee: Long sword        |    71 |   102 |   246 |       ||   419
       Headbutt          |     9 |    14 |    56 |    11 ||    90
       Scimitar          |       |       |    23 |    77 ||   100
Invok: Heroism           |       |       |     1 |     2 ||     3
Evoke: Wand              |       |       |     4 |       ||     4
  Use: Scroll            |     2 |     1 |     3 |       ||     6
       Potion            |       |     2 |     4 |       ||     6
Armor: Scale mail        |    49 |    33 |       |       ||    82
       Chain mail        |       |    27 |   152 |    32 ||   211
Dodge: Dodged            |    46 |    51 |   109 |    22 ||   228
Block: Buckler           |    27 |    27 |    70 |    12 ||   136
